 Dungeon Sprint DCSS version 0.17-a0-1804-gf6433eb (webtiles) character file.

7196 Kidiri the Blocker (level 10, -7/141 HPs)
             Began as a Minotaur Fighter on Sept 11, 2015.
             Was a High Priest of Okawaru.
             Mangled by a greater naga
             ... wielding a +0 halberd
              (15 damage)
             ... in the Dungeon (Sprint VII: "The Pits").
             The game lasted 00:25:03 (2225 turns).

Kidiri the Blocker (Minotaur Fighter)               Turns: 2225, Time: 00:25:03

Health: -7/141     AC: 20    Str: 31    XL:     10   Next: 87%
Magic:  12/15      EV: 16    Int:  5    God:    Okawaru [*****.]
Gold:   0          SH: 16    Dex: 11    Spells: 0 memorised, 9 levels left

rFire  . . .     SeeInvis .     a - +2 mace
rCold  . . .     Clarity  .     A - +4 chain mail
rNeg   . . .     SustAt   .     c - +0 shield
rPois  .         Gourm    .     (helmet restricted)
rElec  .         Spirit   .     (no cloak)
rCorr  .         Warding  .     x - +0 pair of gloves
rMut   .         NoTele   +     (no boots)
MR     .....                    (no amulet)
Stlth  ..........               s - +3 ring of strength
                                r - +3 ring of evasion

@: berserking, lethally poisoned (-7 -> -9), heroism, constricted, very quick,
not resistant to hostile enchantments, extremely unstealthy
A: retaliatory headbutt, horns 2
a: Heroism, Finesse, Renounce Religion


You were in the Dungeon.
You worshipped Okawaru.
Okawaru was extremely pleased with you.
You were not hungry.

You visited 1 branch

Inventory:

Hand weapons
 a - a +2 mace (weapon)
Armour
 c - a +0 shield (worn)
 x - a +0 pair of gloves (worn)
 A - a +4 chain mail (worn)
Jewellery
 r - a +3 ring of evasion (left hand)
 s - a +3 ring of strength (right hand)
Scrolls
 k - a scroll of blinking
 o - 3 scrolls of remove curse
 p - 5 scrolls of amnesia
 q - a scroll of summoning
Potions
 d - a potion of might
 h - 3 potions of haste
 i - 4 potions of magic
 j - 2 potions of berserk rage
 n - 2 potions of invisibility
 t - 2 potions of cure mutation
 v - 3 potions of agility
 w - a potion of brilliance
Comestibles
 e - 7 bread rations
 l - 40 fruits
 m - 7 meat rations


   Skills:
 + Level 10.8(15.8) Fighting
 * Level 13.9(18.9) Maces & Flails
 + Level 8.2(13.2) Throwing
 * Level 14.2(19.2) Armour
 + Level 9.1(14.1) Dodging
 * Level 14.3(19.3) Shields
 + Level 8.3 Invocations


You had 9 spell levels left.
You didn't know any spells.

Dungeon Overview and Level Annotations

Branches:
Dungeon (1/1)

Altars:
Ashenzari
Cheibriados
Dithmenos
Elyvilon
Fedhas
Gozag
Kikubaaqudgha
Makhleb
Nemelex Xobeh
Okawaru
Qazlal
Ru
Sif Muna
Trog
Vehumet
Xom
Yredelemnul
Zin
The Shining One
Beogh
Jiyva
Lugonu


Innate Abilities, Weirdness & Mutations

You reflexively headbutt those who attack you in melee.
You have a pair of horns on your head.


Message History

* * * LOW HITPOINT WARNING * * *
You feel a strong urge to attack something.
The greater naga hits you with a halberd!
* * * LOW HITPOINT WARNING * * *
The greater naga grabs you. The greater naga constricts you.
You see here 8 needles of slowing.
You thump the greater naga! You headbutt the greater naga!
The greater naga is lightly wounded.
The greater naga spits poison at you. The splash of poison hits you!
You are poisoned.
* * * LOW HITPOINT WARNING * * *
x2 The greater naga constricts you.
You hit the greater naga. You headbutt the greater naga!
The greater naga is moderately wounded.
You feel sick.
You hit the greater naga. Your headbutt misses the greater naga.
The greater naga is moderately wounded.
The greater naga hits you with a halberd!
You die...

.....+ .....+ .....#
.....# ######
################ ####
#..............###..#
##...[..........#..##
####...#+######.@.##
#..#####.## ##N##
#....##...# #.k.#
+.....#...# #...#
+.....'...+.$.[.o.+
+.....#...#...#...#
#)...##...#...#...#
#..#####(##.. ##+##
####...#+######...##


You could see a greater naga, a swamp drake and an orc (confused).

Vanquished Creatures
  A hydra (D)
  Erolcha (D)
  A wizard (D)
  A sea snake (D)
  A swamp dragon (D)
  A lindwurm (D)
  A flayed ghost (D)
  A hornet (D)
  A demonic crawler (D)
  A smoke demon (D)
  A guardian mummy (D)
  An efreet (D)
  A freezing wraith (D)
  A flying skull (D)
  A fire bat (D)
  A steam dragon (D)
  Menkaure (D)
  4 vampire mosquitoes (D)
  A wasp (D)
  A phantom (D)
  A big kobold (D)
  Blork the orc (D)
  6 killer bees (D)
  2 iron imps (D)
  An orc priest (D)
  2 gnolls (D)
  2 adders (D)
  A white imp (D)
  An adder zombie (D)
  An adder skeleton (D)
  5 orcs (D)
  2 ball pythons (D)
  2 goblins (D)
  A hobgoblin (D)
  A quokka (D)
  2 bats (D)
  A bat simulacrum (D)
  A giant gecko (D)
  A kobold (D)
57 creatures vanquished.

Vanquished Creatures (others)
  Khufu (D)
  3 greater mummies (D)
  Nikola (D)
  4 Ice Fiends (D)
  4 titans (D)
  A hellephant (D)
  A Shadow Fiend (D)
  A deep elf master archer (D)
  An Executioner (D)
  2 azure jellies (D)
  Louise (D)
  A draconian caller (D)
  A deep elf annihilator (D)
  A blizzard demon (D)
  2 spriggan air magi (D)
  A spriggan berserker (D)
  A necromancer (D)
  2 tormentors (D)
  An orc priest (D)
  A mummy (D)
31 creatures vanquished.

Grand Total: 88 creatures vanquished

Notes
Turn   | Place    | Note
--------------------------------------------------------------
     0 | D        | Kidiri the Minotaur Fighter began the quest for the Orb.
     0 | D        | Reached XP level 1. HP: 19/19 MP: 0/0
    46 | D        | Found a sacrificial altar of Ru.
    46 | D        | Found a basalt altar of Yredelemnul.
    46 | D        | Found a glowing golden altar of the Shining One.
    46 | D        | Found a deep blue altar of Sif Muna.
    46 | D        | Found a burning altar of Makhleb.
    46 | D        | Found an ancient bone altar of Kikubaaqudgha.
    46 | D        | Found a glowing silver altar of Zin.
    47 | D        | Found a shadowy altar of Dithmenos.
    47 | D        | Found a bloodstained altar of Trog.
    47 | D        | Found a shattered altar of Ashenzari.
    47 | D        | Found a white marble altar of Elyvilon.
    47 | D        | Found a snail-covered altar of Cheibriados.
    47 | D        | Found a blossoming altar of Fedhas.
    47 | D        | Found a radiant altar of Vehumet.
    47 | D        | Found a shimmering altar of Xom.
    47 | D        | Found a sparkling altar of Nemelex Xobeh.
    47 | D        | Found a corrupted altar of Lugonu.
    47 | D        | Found a viscous altar of Jiyva.
    47 | D        | Found a roughly hewn altar of Beogh.
    47 | D        | Found an iron altar of Okawaru.
    51 | D        | Found a stormy altar of Qazlal.
    52 | D        | Found an opulent altar of Gozag.
    54 | D        | Became a worshipper of Warmaster Okawaru
    76 | D        | Killed Khufu
    96 | D        | Killed a greater mummy
   100 | D        | Reached skill level 4 in Shields
   143 | D        | Reached skill level 1 in Dodging
   143 | D        | Reached skill level 1 in Invocations
   143 | D        | Reached XP level 2. HP: 27/27 MP: 1/1
   157 | D        | Reached skill level 5 in Armour
   157 | D        | Reached skill level 5 in Shields
   158 | D        | Killed an Ice Fiend
   161 | D        | Reached XP level 3. HP: 22/33 MP: 2/2
   166 | D        | Killed a spriggan air mage
   203 | D        | Killed a tormentor
   219 | D        | Killed an Ice Fiend
   268 | D        | Killed a blizzard demon
   269 | D        | Killed a spriggan air mage
   282 | D        | Killed a necromancer
   282 | D        | Killed a greater mummy
   328 | D        | Noticed a flying skull
   328 | D        | Noticed Menkaure
   329 | D        | Noticed an iron imp
   334 | D        | Killed an Executioner
   343 | D        | Killed a flying skull
   343 | D        | Acquired Okawaru's first power
   343 | D        | Reached skill level 5 in Fighting
   343 | D        | Reached skill level 6 in Maces & Flails
   343 | D        | Reached skill level 7 in Armour
   343 | D        | Reached XP level 4. HP: 42/42 MP: 2/5
   343 | D        | Reached XP level 5. HP: 48/48 MP: 2/6
   346 | D        | Killed an iron imp
   347 | D        | Killed a titan
   358 | D        | Killed a titan
   358 | D        | Killed Menkaure
   358 | D        | Reached skill level 8 in Armour
   358 | D        | Reached XP level 6. HP: 45/57 MP: 3/7
   387 | D        | Killed an Ice Fiend
   420 | D        | Noticed a fire bat
   437 | D        | Killed a fire bat
   437 | D        | Reached skill level 9 in Shields
   456 | D        | Noticed a phantom
   461 | D        | Killed a phantom
   461 | D        | Reached skill level 5 in Dodging
   461 | D        | Reached XP level 7. HP: 64/64 MP: 9/9
   465 | D        | Noticed a sea snake
   478 | D        | Killed a sea snake
   478 | D        | Reached skill level 10 in Maces & Flails
   478 | D        | Reached skill level 5 in Throwing
   478 | D        | Reached skill level 10 in Armour
   478 | D        | Reached skill level 10 in Shields
   478 | D        | Reached skill level 5 in Invocations
   478 | D        | Reached XP level 8. HP: 37/74 MP: 7/11
   515 | D        | Killed a greater mummy
   617 | D        | Noticed Blork the orc
   617 | D        | Noticed a big kobold
   625 | D        | Killed a big kobold
   635 | D        | Killed Blork the orc
   663 | D        | Noticed a smoke demon
   674 | D        | Killed a tormentor
   675 | D        | Killed a smoke demon
   675 | D        | Reached skill level 11 in Shields
   873 | D        | Noticed a wasp
   873 | D        | Noticed a freezing wraith
   887 | D        | Killed a freezing wraith
   898 | D        | Killed a wasp
  1068 | D        | Killed a deep elf master archer
  1110 | D        | Noticed a vampire mosquito
  1110 | D        | Noticed a vampire mosquito
  1110 | D        | Noticed a vampire mosquito
  1112 | D        | Noticed Erolcha
  1112 | D        | Killed a vampire mosquito
  1112 | D        | Killed a deep elf annihilator
  1114 | D        | Noticed a vampire mosquito
  1114 | D        | Killed a vampire mosquito
  1114 | D        | Reached XP level 9. HP: 80/82 MP: 9/12
  1117 | D        | Noticed a steam dragon
  1118 | D        | Killed a vampire mosquito
  1119 | D        | Noticed an efreet
  1129 | D        | Killed a vampire mosquito
  1132 | D        | Killed Erolcha
  1132 | D        | Acquired Okawaru's second power
  1132 | D        | Received a gift from Okawaru
  1132 | D        | Reached skill level 12 in Maces & Flails
  1144 | D        | Killed an efreet
  1150 | D        | Killed a steam dragon
  1223 | D        | Killed an azure jelly
  1303 | D        | Noticed a hornet
  1303 | D        | Noticed a six-headed hydra
  1303 | D        | Noticed a guardian mummy
  1319 | D        | Killed a hornet
  1331 | D        | Killed a six-headed hydra
  1331 | D        | Received a gift from Okawaru
  1331 | D        | Reached skill level 10 in Fighting
  1331 | D        | Reached skill level 13 in Armour
  1331 | D        | Reached XP level 10. HP: 30/93 MP: 7/14
  1334 | D        | Killed a guardian mummy
  1444 | D        | Killed an azure jelly
  1555 | D        | Killed an Ice Fiend
  1634 | D        | Killed Nikola
  1650 | D        | Killed a titan
  1667 | D        | Killed a Shadow Fiend
  1681 | D        | Noticed a swamp dragon
  1681 | D        | Noticed an iron imp
  1687 | D        | Killed an iron imp
  1700 | D        | Killed a swamp dragon
  1705 | D        | Killed a titan
  1730 | D        | Killed a hellephant
  1955 | D        | Killed a spriggan berserker
  2007 | D        | Noticed a flayed ghost
  2007 | D        | Noticed a lindwurm
  2007 | D        | Noticed a demonic crawler
  2014 | D        | Killed a flayed ghost
  2014 | D        | Received a gift from Okawaru
  2028 | D        | Killed a lindwurm
  2052 | D        | Killed a demonic crawler
  2052 | D        | Reached skill level 14 in Shields
  2104 | D        | Killed a mottled draconian caller
  2119 | D        | Noticed a killer bee
  2119 | D        | Noticed a killer bee
  2119 | D        | Noticed a killer bee
  2119 | D        | Noticed a killer bee
  2119 | D        | Noticed a killer bee
  2119 | D        | Noticed a killer bee
  2119 | D        | Killed Louise
  2122 | D        | Killed a killer bee
  2128 | D        | Killed a killer bee
  2134 | D        | Killed a killer bee
  2141 | D        | Killed a killer bee
  2143 | D        | Killed a killer bee
  2144 | D        | Killed a killer bee
  2184 | D        | Noticed an orc priest
  2184 | D        | Noticed an orc priest
  2186 | D        | Noticed a greater naga
  2187 | D        | Noticed a swamp drake
  2187 | D        | Noticed a wizard
  2187 | D        | Killed an orc priest
  2189 | D        | Paralysed by a wizard for 3 turns
  2200 | D        | Killed a wizard
  2203 | D        | Killed an orc priest
  2225 | D        | Mangled by a greater naga

Vault maps used:
D:        pitsprint

Action                   |  1- 3 |  4- 6 |  7- 9 | 10-12 || total
-------------------------+-------+-------+-------+-------++-------
Melee: Mace              |    26 |    28 |   118 |   104 ||   276
       Flail             |     4 |       |       |       ||     4
Throw: Throwing net      |       |       |     1 |       ||     1
Invok: Heroism           |       |     1 |     6 |     4 ||    11
       Finesse           |       |       |     1 |     4 ||     5
  Use: Potion            |     2 |     4 |     3 |     7 ||    16
 Stab: Held in net/web   |       |       |     1 |       ||     1
  Eat: Chunk             |       |       |     1 |     1 ||     2
       Bread ration      |       |       |     1 |       ||     1
